 Dungeon Crawl Stone Soup version 0.19-a0-1079-g88a7474 (webtiles) character file.

103 poirepourri the Sneak (level 4, -3/21 HPs)
             Began as a Spriggan Enchanter on Aug 6, 2016.
             Slain by a gnoll
             ... wielding a +0 spear
              (9 damage)
             ... on level 2 of the Dungeon.
             The game lasted 00:05:50 (3027 turns).

poirepourri the Sneak (Spriggan Enchanter)          Turns: 3027, Time: 00:05:51

Health: -3/21      AC:  4    Str:  4    XL:     4   Next: 51%
Magic:  1/10       EV: 20    Int: 16    God:
Gold:   40         SH:  0    Dex: 17    Spells: 4 memorised, 1 level left

rFire  . . .     SeeInvis +     e - +4 dagger
rCold  . . .     Gourm    .     b - +1 robe
rNeg   . . .     Faith    .     (shield restricted)
rPois  .         Spirit   .     (helmet restricted)
rElec  .         Dismiss  .     k - +0 cloak
rCorr  .         Reflect  .     (gloves unavailable)
SustAt .         Harm     .     (boots unavailable)
MR     .....                    (no amulet)
Stlth  +++.......               (no ring)
                                (no ring)

@: very quick
A: unfitting armour, see invisible, herbivore 3, speed 3, slow metabolism 2
a: no special abilities


You were on level 2 of the Dungeon.
You were full.

You visited 1 branch of the dungeon, and saw 2 of its levels.

You collected 40 gold pieces.

Inventory:

Hand Weapons
 e - a +4 dagger (weapon)
Missiles
 f - 6 poisoned needles
Armour
 b - a +1 robe (worn)
 k - a +0 cloak (worn)
 m - a +0 pair of boots
Scrolls
 h - a scroll of remove curse
Books
 c - a book of Maledictions

   Spells                             Type                      Level
   a - Corona                         Hexes                        1
   b - Ensorcelled Hibernation        Hexes/Ice                    2
   c - Confuse                        Hexes                        3
   d - Tukima's Dance                 Hexes                        3
   e - Dazzling Spray                 Conjuration/Hexes            3


   Skills:
 + Level 0.4 Fighting
 + Level 1.4 Short Blades
 + Level 4.7 Dodging
 + Level 4.8 Stealth
 + Level 3.6 Spellcasting
 + Level 4.3 Hexes
 + Level 0.2 Ice Magic


You had one spell level left.
You knew the following spells:

 Your Spells              Type           Power        Failure   Level  Hunger
a - Corona                Hex            ###....      3%          1    None
b - Ensorcelled Hibernat  Hex/Ice        ##....       12%         2    ##.....
c - Confuse               Hex            ###.....     12%         3    ###....
d - Tukima's Dance        Hex            ###.....     12%         3    ###....


Dungeon Overview and Level Annotations

Branches:
Dungeon (2/15)

Altars:


Innate Abilities, Weirdness & Mutations

You are tiny and cannot use many weapons and most armour.
You have supernaturally acute eyesight. (SInv)
You are a herbivore.
You cover ground extremely quickly.
You need consume almost no food.


Message History

Casting: Corona
Confirm with . or Enter, or press ? or * to list all spells.
Aiming: Ensorcelled Hibernation
Press: ? - help, Shift-Dir - straight line, f/p - gnoll
Aim: a gnoll, wielding a spear (chance to defeat MR: 50%)
The gnoll resists with some effort.
The gnoll barely misses you. The gnoll hits you with a spear.
You barely miss the gnoll. The gnoll hits you with a spear!
* * * LOW HITPOINT WARNING * * *
You hit the gnoll but do no damage.
It was a potion of curing.
You feel better. The gnoll hits you with a spear.
* * * LOW HITPOINT WARNING * * *
You closely miss the gnoll. The gnoll misses you.
You hit the gnoll.
The gnoll is lightly wounded.
The gnoll misses you.
You barely miss the gnoll.
The gnoll is lightly wounded.
The gnoll hits you with a spear!
You die...

......####....
#...........
#.....##....
#...<.#g.... #. #
#.......g......
#.#....($.#....#
#..>....#S....# #
..#......###.#....
#.#......<@g.....#
#.......)##...####
..........#..#.#
......#.....## #
......#.#..# #.
..........###
.#...##.
............ ..
..#. ###..
#..##..####.#
..........
######..)..=>.##.#
#.......##


You could see a gnoll.

Vanquished Creatures
  5 gnolls
  2 adders (D:2)
  2 giant geckos
  A giant cockroach (D:1)
  2 goblins (D:1)
  5 hobgoblins
  A jackal (D:2)
  A quokka (D:2)
  2 ball pythons
  6 bats (D:1)
  3 giant newts
  3 kobolds
  4 rats (D:1)
37 creatures vanquished.

Notes
Turn   | Place    | Note
-------+----------+-------------------------------------------
     0 | D:1      | poirepourri the Spriggan Enchanter began the quest for the Orb.
     0 | D:1      | Reached XP level 1. HP: 9/9 MP: 5/5
   674 | D:1      | Reached XP level 2. HP: 13/13 MP: 6/6
  1391 | D:1      | Learned a level 2 spell: Ensorcelled Hibernation
  1641 | D:2      | Reached XP level 3. HP: 16/16 MP: 2/8
  1769 | D:2      | Learned a level 3 spell: Confuse
  2465 | D:1      | Reached XP level 4. HP: 9/21 MP: 1/10
  2834 | D:1      | Learned a level 3 spell: Tukima's Dance
  3027 | D:2      | Slain by a gnoll

Vault maps used:
D:1:      wheals_arrival_linesprint, hangedman_feature_mirror,
          minmay_misc_feat_tiny, hangedman_glass_teeth

Skill      XL: |  1  2 |
---------------+-------+-----
Spellcasting   | 3 |  3.6
Hexes          | 4 |  4.3
Dodging        | 4 |  4.7
Fighting       | |  0.4
Short Blades   | |  1.4
Stealth        | |  4.8
Ice Magic      | |  0.2

Action                   |  1- 3 |  4- 6 || total
-------------------------+-------+-------++-------
Melee: Dagger            |   173 |    12 ||   185
 Cast: Corona            |    11 |       ||    11
       Ensorcelled Hiber |    12 |     8 ||    20
       Confuse           |     2 |       ||     2
  Use: Scroll            |     6 |       ||     6
       Potion            |     1 |     1 ||     2
 Stab: Sleeping          |     9 |     2 ||    11
  Eat: Bread ration      |       |     1 ||     1
       Fruit             |       |     1 ||     1
Armor: Robe              |    25 |     2 ||    27
       Skin              |     3 |       ||     3
Dodge: Dodged            |   162 |    24 ||   186
